 Dungeon Sprint DCSS version 0.31-a0-868-g674d60d6f7 (webtiles) character file.

Game seed: 11256738023624137156

1525 rocky1 the Martial Artist (level 9, 0/62 HPs)
             Began as a Djinni Shapeshifter on Oct 12, 2023.
             Was an Initiate of Gozag.
             Slain by a polar bear (2 damage)
             ... in the Dungeon (Sprint II: "The Violet Keep of Menkaure").
             The game lasted 00:06:58 (1119 turns).

rocky1 the Martial Artist (Djinni Shapeshifter)     Turns: 1119, Time: 00:06:59

Health: 0/62       AC:  6    Str: 13    XL:     9   Next: 10%
Gold:   51         EV: 28    Int: 13    God:    Gozag SH:  0 Dex: 16

rFire   + +          .
                       - Unarmed
rCold   . . .        (no shield)
rNeg    . . .        f - +1 ring mail {Will+}
rPois   ∞            (helmet currently unavailable)
rElec   .            (cloak currently unavailable)
rCorr   .            (gloves currently unavailable)
SInv    .            (boots unavailable)
Will    +....        p - dreamdust necklace {Acrobat}
Stlth   +            o - ring of protection from cold
HPRegen 0.30/turn    (no ring)
MPRegen 0.00/turn

%: no teleportation, acrobat, infuse magic (-1 HP)
@: beast-form, acrobatic, flying
A: beast (slay +4), flying, sickness immunity, fire resistance 2, cold
vulnerability 1, float, innate caster, HP casting, extra vitality 1
a: Begin Untransformation, Renounce Religion, Potion Petition, Call Merchant,
Bribe Branch


You were in the Dungeon.
You worshipped Gozag.
Gozag was noncommittal.
You were a hulking beast.
You visited 1 branch You collected 1674 gold pieces.
You spent 1623 gold pieces at shops.

Inventory:

Missiles
 h - 5 poisoned darts
Armour
 a - a +0 animal skin
 f - a +1 ring mail of willpower (worn)
Jewellery
 o - a ring of protection from cold (left hand)
 p - the dreamdust necklace (around neck) {Acrobat}
   (You found it in the Dungeon)

   [amulet of the acrobat]

   Acrobat:   It increases your evasion while moving and waiting.
Talismans
 c - a beast talisman (active)
 d - a flux talisman
Scrolls
 b - 3 scrolls of identify {unknown}
 g - a scroll of enchant weapon {unknown}
 i - a scroll of blinking
Potions
 e - a potion of curing
 j - a potion of experience
 k - a potion of invisibility
 l - 2 potions of might
 m - 2 potions of heal wounds
 n - a potion of haste


   Skills:
 * Level 3.8 Fighting
 + Level 5.9 Dodging
 + Level 13.2 Unarmed Combat
 + Level 11.1 Shapeshifting


You knew the following spells:

 Your Spells              Type           Power      Damage    Failure   Level
a - Foxfire               Conj/Fire      0%         2x1d4     56%         1
b - Lesser Beckoning      Tloc           0%         N/A       71%         2
c - Tukima's Dance        Hex            0%         N/A       90%         3
d - Frozen Ramparts       Ice            0%         1d1       90%         3
Your spell library was empty.

Dungeon Overview and Level Annotations

Branches:
Dungeon (1/1)

Altars:
Cheibriados
Dithmenos
Elyvilon
Fedhas
Gozag
Hepliaklqana
Makhleb
Nemelex Xobeh
Okawaru
Qazlal
Ru
Trog
Uskayaw
Wu Jian
Xom
Yredelemnul
Zin
The Shining One
Jiyva
Lugonu

Shops:
D ([:*:[=((:?=![!

Annotations:
D exclusions: obsidian statue, oklob plant and orange crystal statue


Innate Abilities, Weirdness & Mutations

You are a hulking beast.
Your limbs bulge with bestial killing power. (Slay +4)
You are flying.
You are immune to sickness and miasma.
You are immune to poison.
Your flesh is very heat resistant. (rF++)
You are vulnerable to cold. (rC-)
You float through the air rather than walking.
You learn spells naturally, not from books.
Your magical power is your life essence.
You have superior vitality. (+4 MHP)


Message History

The polar bear is lightly wounded.
You punch the polar bear!
The polar bear is heavily wounded.
The polar bear barely misses you. The polar bear claws you.
The polar bear closely misses you.
You hit the polar bear but do no damage.
The polar bear is heavily wounded.
The polar bear bites you. The polar bear claws you.
The polar bear closely misses you.
You punch the polar bear! You punch the polar bear.
The polar bear is almost dead.
The polar bear bites you! The polar bear completely misses you.
The polar bear claws you but does no damage.
The yaktaur misses you.
The polar bear goes berserk!
The yaktaur is engulfed in a cloud of scalding steam.
The yaktaur wields a +0 arbalest.
The yaktaur shoots a bolt.
The bolt barely misses you. The polar bear completely misses you.
The polar bear misses you. x2
The yaktaur unwields a +0 arbalest.
The yaktaur misses you.
You hit the polar bear.
The polar bear is almost dead.
The polar bear barely misses you. The polar bear misses you.
The polar bear closely misses you.
You hit the polar bear but do no damage.
The polar bear is almost dead.
The polar bear bites you!! The polar bear claws you.
The polar bear closely misses you.
The yaktaur is engulfed in a cloud of scalding steam.
The yaktaur hits you!
* * * LOW HITPOINT WARNING * * *
The polar bear bites you!
Your necklace shatters, unleashing a wave of protective dreams!
You dream of life, friendship, and clouds.
The polar bear claws you. The polar bear barely misses you.
Your bat barely misses the yaktaur.
The polar bear attacks as it pursues you!
The polar bear closely misses you. The polar bear claws you.
You die...
Your body crumbles into a pile of gold.

###'###.##..#,,+..#,,#*$$$)[,,,**
.##.##.#.#..#,,#..#,.#▓?[$(!,,,**
#'.<.'###'..####^.##.*▓)?([$,,,**
.##.##.#.#.§..###...##▓▓▓▓▓▓*+***
###'###.##§.....~§~~~~~~~~~~~,,,~
##...####~~...§§§#h########+***,~
#.##..#~~~~~~~Kc§#y._.....#~~~**~
##.####~§~~§§~bbh#._._....#~~~~**
~##'##~~§≈§≈§§w§h#h._._...#~~~~~*
~~~~~~~~~~§§§§~§g#._._._..#~~~~~~
+++#+++#~§§§≈≈§§~#_._._._.#~~~~~~
~≈≈≈≈§~##§≈§###≈≈#._._._._#§~~~~~
≈§≈§≈≈≈≈##§≈#.#≈≈#.._._._.#§~~~~~
§§≈8≈≈§§≈+≈≈#'#≈§#._._._..#~~~~**
≈§§§§§§§##≈≈≈§≈≈≈#######***~~~~*,
≈≈≈≈§§§###########~~~~~~~~~~~~~*,
###+####.......###~#####***~*****


You could see 3 polar bears, a yaktaur (ally target), a hornet, a friendly dart
slug (summoned), a friendly hobgoblin (summoned), 2 friendly bats and a friendly
kobold (summoned).

Vanquished Creatures
  2 wyverns (D)
  Menkaure (D)
  A vampire mosquito (D)
  4 neqoxecs (D)
  4 necrophages (D)
  4 scorpions (D)
16 creatures vanquished.

Vanquished Creatures (others)
  A water moccasin (D)
1 creature vanquished.

Grand Total: 17 creatures vanquished

Notes
Turn   | Place    | Note
-------+----------+-------------------------------------------
     0 | D        | rocky1 the Djinni Shapeshifter began the quest for the Orb.
     0 | D        | Reached XP level 1. HP: 17/17 MP: 0/0
     1 | D        | Noticed a wyvern
     1 | D        | Noticed a wyvern
    13 | D        | Killed a wyvern
    14 | D        | Reached skill level 7 in Unarmed Combat
    14 | D        | Reached XP level 2. HP: 15/22 MP: 0/0
    14 | D        | Reached XP level 3. HP: 18/27 MP: 0/0
    14 | D        | Learned a level 1 spell: Foxfire
    14 | D        | Reached XP level 4. HP: 22/32 MP: 0/0
    14 | D        | Reached XP level 5. HP: 25/37 MP: 0/0
    14 | D        | Learned a level 2 spell: Lesser Beckoning
    18 | D        | Killed a wyvern
    19 | D        | Reached skill level 8 in Unarmed Combat
    19 | D        | Reached XP level 6. HP: 15/43 MP: 0/0
    28 | D        | Killed a water moccasin
    60 | D        | Found an iron altar of Okawaru.
    60 | D        | Found a glowing silver altar of Zin.
    61 | D        | Found a sparkling altar of Nemelex Xobeh.
    61 | D        | Found a hide-covered altar of Uskayaw.
    62 | D        | Found an opulent altar of Gozag.
    62 | D        | Found a burning altar of Makhleb.
    62 | D        | Found a bloodstained altar of Trog.
    62 | D        | Found a basalt altar of Yredelemnul.
    63 | D        | Found a blossoming altar of Fedhas.
    63 | D        | Found a corrupted altar of Lugonu.
    64 | D        | Found a white marble altar of Elyvilon.
    65 | D        | Found a shadowy altar of Dithmenos.
    65 | D        | Found a viscous altar of Jiyva.
    66 | D        | Found a snail-covered altar of Cheibriados.
    68 | D        | Found a shimmering altar of Xom.
    68 | D        | Found a sacrificial altar of Ru.
    68 | D        | Found a hazy altar of Hepliaklqana.
    69 | D        | Found a glowing golden altar of the Shining One.
    69 | D        | Found an ornate altar of the Wu Jian Council.
    69 | D        | Found a stormy altar of Qazlal.
    71 | D        | Became a worshipper of Gozag Ym Sagoz the Greedy
    91 | D        | Noticed a neqoxec
    91 | D        | Noticed a neqoxec
    91 | D        | Noticed a neqoxec
    91 | D        | Noticed a neqoxec
    95 | D        | Killed a neqoxec
    96 | D        | Reached skill level 9 in Unarmed Combat
    96 | D        | Reached XP level 7. HP: 34/49 MP: 0/0
    96 | D        | Learned a level 3 spell: Tukima's Dance
    99 | D        | Killed a neqoxec
   100 | D        | Reached skill level 10 in Unarmed Combat
   106 | D        | Killed a neqoxec
   107 | D        | Reached skill level 5 in Dodging
   111 | D        | Killed a neqoxec
   112 | D        | Reached skill level 11 in Unarmed Combat
   112 | D        | Reached skill level 10 in Shapeshifting
   112 | D        | Reached XP level 8. HP: 22/55 MP: 0/0
   566 | D        | Noticed an orange crystal statue
   584 | D        | Reached skill level 12 in Unarmed Combat
   623 | D        | Found Jauwi's Magic Scroll Shop.
   623 | D        | Found Taaph's Distillery.
   625 | D        | Found Yjoehink's Weapon Boutique.
   625 | D        | Found Deqol's Book Boutique.
   626 | D        | Found Fabruev's Weapon Boutique.
   626 | D        | Found Rafeames's Distillery.
   626 | D        | Found Yduur's Jewellery Shop.
   635 | D        | Reached XP level 9. HP: 29/61 MP: 0/0
   635 | D        | Learned a level 3 spell: Frozen Ramparts
   941 | D        | Found Erisku's Antique Armour Shop.
   941 | D        | Found Daadaha's Jewellery Boutique.
   941 | D        | Found Poytwat's Book Boutique.
   942 | D        | Found Nupnu's Antique Armour Boutique.
   945 | D        | Found Jilaisobb's Assorted Antiques.
   945 | D        | Noticed Menkaure
   945 | D        | Noticed an oklob plant
   951 | D        | Found Laughy's Antique Armour Shop.
   951 | D        | Found Xios's Book Shoppe.
   951 | D        | Found Feohovvo's Antique Weapon Boutique.
   952 | D        | Noticed a manticore
   961 | D        | Killed Menkaure
   962 | D        | Reached skill level 13 in Unarmed Combat
   971 | D        | Noticed a hell hog
  1006 | D        | Bought a scroll labelled EMIHEA KAIHEO for 23 gold pieces
  1006 | D        | Bought a glowing ring mail for 161 gold pieces
  1006 | D        | Bought a scroll labelled EMIHEA KAIHEO for 23 gold pieces
  1006 | D        | Bought a scroll labelled PIYSOE CUBUFA FUO for 23 gold
                  | pieces
  1032 | D        | Bought 5 poisoned darts for 33 gold pieces
  1036 | D        | Bought a scroll of revelation for 75 gold pieces
  1036 | D        | Noticed a hell hog
  1039 | D        | Bought a potion of experience for 650 gold pieces
  1041 | D        | Bought a potion of invisibility for 80 gold pieces
  1041 | D        | Bought 2 potions of might for 80 gold pieces
  1041 | D        | Bought 2 potions of heal wounds for 100 gold pieces
  1041 | D        | Bought a potion of haste for 100 gold pieces
  1043 | D        | Bought a ring of protection from cold for 275 gold pieces
  1079 | D        | Noticed an obsidian statue
  1084 | D        | Found the dreamshard necklace {Acrobat *Dream}
  1103 | D        | Noticed a polar bear
  1103 | D        | Noticed a polar bear
  1106 | D        | Noticed a hornet
  1107 | D        | Noticed a yaktaur
  1109 | D        | Noticed a polar bear
  1119 | D        | Slain by a polar bear

Illustrated notes

Levels and vault maps discovered:
D:        the_violet_keep_of_menkaure [sprint2_stairs_cluster_1,
          sprint2_shoproom, sprint2_temple, sprint2_basic_supplies,
          sprint2_obstacle_4, sprint2_obstacle_3, sprint2_obstacle_7,
          sprint2_obstacle_2, sprint2_obstacle_1, sprint2_timed_cluster_1,
          sprint2_smallroom_cluster_1, sprint2_smallroom_final_cluster_1,
          sprint2_transparent_cluster_1, sprint2_second_timed_cluster_1,
          sprint2_sniper_area_1, sprint2_heavy_combat_area_1,
          sprint2_mutation_trap_area_1, sprint2_forest_area_1,
          sprint2_light_combat_area_1, sprint2_behind_water_1,
          sprint2_near_end_vault_1]

Skill      XL: |  1  2  3  4  5  6  7  8  9 |
---------------+----------------------------+-----
Dodging        | 3 4 5 |  5.9
Unarmed Combat | 7 8 9 11 12 13 | 13.2
Shapeshifting  | 6 8 10 11 | 11.1
Fighting       | 2 3 |  3.8

Action                     |  1- 3 |  4- 6 |  7- 9 || total
---------------------------+-------+-------+-------++-------
  Melee: Unarmed           |    10 |     7 |    72 ||    89
         Punch             |       |     1 |     5 ||     6
    Use: Potion            |     2 |     2 |       ||     4
         Scroll            |       |       |     1 ||     1
 Armour: Skin              |     7 |     4 |       ||    11
         Animal skin       |       |     3 |    18 ||    21
         Ring mail         |       |       |    12 ||    12
  Dodge: Dodged            |     3 |       |    44 ||    47

Table legend: (Time is in decaauts)
 A = Elapsed time spent in this place.
 B = Non-inter-level travel time spent in this place.
 C = Inter-level travel time spent in this place.
 D = Time resting spent in this place.
 E = Time spent auto-exploring this place.
 F = Levels seen in this place.
 G = Mean time per level.
                   A        B        C        D        E       F      G
               +--------+--------+--------+--------+--------+-----+--------+
         Total |   1100 |   1094 |      6 |    744 |      0 |   1 | 1100.0 |
       Dungeon |   1100 |   1094 |      6 |    744 |      0 |   1 | 1100.0 |
               +--------+--------+--------+--------+--------+-----+--------+

Top non-repeatable levels by time:
       D: 1100 daAuts
